 Dungeon Crawl Stone Soup version 0.29-a0-284-gf9362112df (webtiles) character file.

Game seed: 9708165578733861958

45 enile the Skirmisher (level 3, -4/30 HPs)
             Began as a Djinni Fire Elementalist on Mar 14, 2022.
             Was an Initiate of Yredelemnul.
             Slain by a water moccasin (8 damage)
             ... on level 2 of the Dungeon.
             The game lasted 00:01:58 (2825 turns).

enile the Skirmisher (Djinni Fire Elementalist)     Turns: 2825, Time: 00:01:59

Health: -4/30      AC:  3    Str:  7    XL:     3   Next: 90%
Gold:   51         EV: 12    Int: 18    God:    Yredelemnul [......] SH:  0 Dex: 13

rFire   + + .      SeeInvis .   h - +2 dagger (flame)
rCold   x . .      Faith    .   (no shield)
rNeg    . . .      Spirit   .   a - +1 robe
rPois   ∞          Reflect  .   (no helmet)
rElec   .          Harm     .   (no cloak)
rCorr   .          Rampage  .   (no gloves)
Will    .....                   (boots unavailable)
Stlth   ++........              (no amulet)
HPRegen 0.10/turn               (no ring)
MPRegen 0.00/turn               (no ring)

@: flying
A: sickness immunity, fire resistance 2, cold vulnerability 1, float, innate
caster, HP casting, extra vitality 1
a: Renounce Religion, Recall Undead Harvest


You were on level 2 of the Dungeon.
You worshipped Yredelemnul.
Yredelemnul was noncommittal.
You visited 1 branch of the dungeon, and saw 3 of its levels.

You collected 51 gold pieces.

Inventory:

Hand Weapons
 h - a +2 dagger of flaming (weapon)
Armour
 a - a +1 robe (worn)
Magical Staves
 j - a staff of poison
Scrolls
 c - 2 scrolls of identify


   Skills:
 + Level 3.1 Fighting
 - Level 2.1 Dodging
 - Level 1.5 Stealth
 - Level 2.4 Spellcasting


You couldn't memorise any spells.
You knew the following spells:

 Your Spells              Type           Power      Damage    Failure   Level
a - Foxfire               Conj/Fire      40%        2x1d6     6%          1
b - Scorch                Fire           20%        2d6       10%         2
c - Conjure Flame         Conj/Fire      10%        6-21      19%         3
d - Inner Flame           Hex/Fire       10%        N/A       19%         3
e - Flame Wave            Conj/Fire      10%        2d5       54%         4
f - Magic Dart            Conj           40%        1d5       6%          1
Your spell library was empty.

Dungeon Overview and Level Annotations

Branches:
Dungeon (3/15)

Altars:
Yredelemnul

Shops:
D:2 [


Innate Abilities, Weirdness & Mutations

You are immune to sickness and miasma.
You are immune to poison.
Your flesh is very heat resistant. (rF++)
You are vulnerable to cold. (rC-)
You float through the air rather than walking.
You learn spells naturally, not from books.
Your magical power is your life essence.
You have superior vitality. (+4 MHP)


Message History

As you read the scroll labelled GUCWAE MIQE, it crumbles to dust.
It is a scroll of amnesia.
You feel forgetful for a moment.
The water moccasin bites you but does no damage.
The water moccasin bites you.
As you read the scroll labelled YTILOH HENLY, it crumbles to dust.
You speak a Word of immense power!
Yredelemnul forgives your inadvertent holy act, just this once.
It was a scroll of holy word.
The water moccasin bites you.
Casting: Scorch (safe; 10% risk of failure)
Confirm with . or Enter, or press ? or * to list all spells.
Okay, then.
As you read the scroll labelled COKKIE VIERI, it crumbles to dust.
It is a scroll of enchant armour.
Your +0 robe glows green for a moment.
The water moccasin bites you.
* * * LOW HITPOINT WARNING * * *
The water moccasin bites you but does no damage.
As you read the scroll labelled SOSKUSU MIENIUMI, it crumbles to dust.
It is a scroll of identify.
You don't have any unidentified items.
The water moccasin misses you.
You feel better.
The water moccasin bites you but does no damage.
Casting: Scorch (safe; 10% risk of failure)
Confirm with . or Enter, or press ? or * to list all spells.
Okay, then.
The water moccasin bites you.
* * * LOW HITPOINT WARNING * * *
The water moccasin bites you.
* * * LOW HITPOINT WARNING * * *
There is a stone staircase leading up here.
The water moccasin completely misses you.
You fly upwards.
There is a stone staircase leading down here.
The water moccasin closely misses you.
Okay, then.
The water moccasin attacks as you move away!
The water moccasin barely misses you. The water moccasin bites you!
You die...
Your body rises from the dead as a mindless zombie.

#.#..#....####.#.#.....#
#.#......Z'Z.ZZZ.......#
#.#.##....######.##....#
#Z#....####.....Z.+....#
#Z###### #.####Z##.^.### #.#
####.####.#......### #Z#
#...................
##.######.##.####.#...)..###
#........>S@.......#....####
############.####...........
#...Z.#.∩.##..###
#.........###.# #.......#.#
#.## #...(.....# #..#
######........#####'##
#....................#
#....................#


You could see a water moccasin.

Vanquished Creatures
  2 dart slugs (D:1)
  An orc (D:3)
  4 endoplasms
  A giant cockroach (D:2)
  4 goblins
  2 hobgoblins
  2 jackals (D:1)
  4 kobolds
  4 quokkas
  3 ball pythons
  3 bats
  A frilled lizard (D:1)
  6 rats
37 creatures vanquished.

Vanquished Creatures (others)
  181 foxfires
181 creatures vanquished.

Grand Total: 218 creatures vanquished

Notes
Turn   | Place    | Note
-------+----------+-------------------------------------------
     0 | D:1      | enile the Djinni Fire Elementalist began the quest for the
                  | Orb.
     0 | D:1      | Reached XP level 1. HP: 15/15 MP: 0/0
   235 | D:1      | Reached skill level 1 in Fighting
   472 | D:1      | Reached XP level 2. HP: 19/22 MP: 0/0
   831 | D:1      | Reached skill level 2 in Fighting
  1200 | D:1      | Reached XP level 3. HP: 18/29 MP: 0/0
  1200 | D:1      | Learned a level 1 spell: Magic Dart
  1690 | D:2      | Found Gubial's Antique Armour Emporium.
  2151 | D:2      | Reached skill level 3 in Fighting
  2404 | D:2      | Found a faded altar of an unknown god.
  2585 | D:2      | Prayed at the altar of an unknown god.
  2585 | D:2      | Became a worshipper of Yredelemnul the Dark
  2585 | D:2      | Reached * piety under Yredelemnul
  2803 | D:3      | Noticed a water moccasin
  2825 | D:2      | Slain by a water moccasin

Illustrated notes

Levels and vault maps discovered:
D:1:      roderic_crossed_star, layout_loops_cross
D:2:      layout_basic, ebering_ecumenical_altar_sacrificial, serial_shops,
          nicolae_shop_stone
D:3:      minmay_evil_eye, layout_loops_cross, portal_sewer_entry_c

Skill      XL: |  1  2  3 |
---------------+----------+-----
Fighting       | 1 2 3 |  3.1
Dodging        | |  2.1
Stealth        | |  1.5
Spellcasting   | |  2.4

Action                   || total
-------------------------++-------
Melee: Unarmed           ||     5
       Punch             ||     1
 Cast: Foxfire           ||   111
       Scorch            ||     4
       Conjure Flame     ||     1
  Use: Scroll            ||     5
       Potion            ||     3
Armor: Robe              ||    13
Dodge: Dodged            ||    24

Table legend: (Time is in decaauts)
 A = Elapsed time spent in this place.
 B = Non-inter-level travel time spent in this place.
 C = Inter-level travel time spent in this place.
 D = Time resting spent in this place.
 E = Time spent auto-exploring this place.
 F = Levels seen in this place.
 G = Mean time per level.
                   A        B        C        D        E       F      G
               +--------+--------+--------+--------+--------+-----+--------+
         Total |   2824 |   2720 |    104 |      0 |   2385 |   3 |  941.3 |
       Dungeon |   2824 |   2720 |    104 |      0 |   2385 |   3 |  941.3 |
               +--------+--------+--------+--------+--------+-----+--------+

Top non-repeatable levels by time:
     D:1: 1615 daAuts
     D:2: 1177 daAuts
     D:3: 31 daAuts
